 Dungeon Crawl Stone Soup version 0.31.0-11-ge490571c62 (webtiles) character file.

Game seed: 6266308368453788747

49 qw the Shooter (level 3, -5/20 HPs)
             Began as a Deep Elf Hunter on Feb 4, 2024.
             Slain by a goblin
             ... wielding a +0 club
             ... led by Robin
              (6 damage)
             ... on level 2 of the Dungeon.
             The game lasted 00:00:05 (942 turns).

qw the Shooter (Deep Elf Hunter)                     Turns: 942, Time: 00:00:05

Health: -5/20      AC:  3    Str: 10    XL:     3   Next: 51%
Magic:  5/5        EV: 12    Int: 13    God:
Gold:   112        SH:  0    Dex: 18    Spells: 2/2 levels left

rFire   . . .        a - +0 shortbow
rCold   . . .        (shield currently unavailable)
rNeg    . . .        c - +0 leather armour
rPois   .            (no helmet)
rElec   .            (no cloak)
rCorr   .            (no gloves)
SInv    .            (no boots)
Will    .....        (no amulet)
Stlth   ++           (no ring)
HPRegen 0.23/turn    (no ring)
MPRegen 0.09/turn

%: no passive effects
@: no status effects
A: no striking features
a: no special abilities


You were on level 2 of the Dungeon.
You visited 1 branch of the dungeon, and saw 2 of its levels.

You collected 112 gold pieces.


   Skills:
 - Level 1.5 Fighting
 + Level 7.0 Ranged Weapons
 - Level 2.4 Dodging
 - Level 1.2 Stealth


You had 2 spell levels left.
You didn't know any spells.
Your spell library was empty.

Inventory:

Hand Weapons
 a - a +0 shortbow (weapon)
Armour
 b - a +0 ring mail
 c - a +0 leather armour (worn)
 e - a +0 helmet
 f - a +0 pair of boots
Jewellery
 g - a ring of fire
Scrolls
 d - a scroll of revelation {unknown}

Dungeon Overview and Level Annotations

Branches:
Dungeon (2/15)

Altars:
Elyvilon

Shops:
D:1 :

Annotations:
D:2 Robin


Message History

Robin shouts!
The goblin shouts! x7; The hobgoblin shouts!
Robin flexes a bicep menacingly.
Robin roars a battlecry!
The goblins go into a battle-frenzy!
The goblin unwields a +0 dagger.
The goblin wields a +0 sling.
The goblin shoots a sling bullet.
The sling bullet hits you.
The goblin shouts!
You shoot an arrow. The arrow hits the goblin!
You kill the goblin!
Robin throws the goblin at you!
You shoot an arrow. The arrow hits the goblin.
The goblin is severely wounded.
The goblin barely misses you. The goblin hits you with a +0 club.
You shoot an arrow. The arrow hits the goblin.
You kill the goblin!
The goblin closely misses you.
You shoot an arrow. The arrow hits the goblin.
You kill the goblin!
Robin laughs in a distinctly smug fashion.
The goblin barely misses you.
You shoot an arrow. The arrow hits Robin.
Robin is lightly wounded.
Robin closely misses you. The goblin barely misses you.
You shoot an arrow. The arrow closely misses Robin.
The arrow hits the hobgoblin but does no damage.
Robin throws the goblin at you! The goblin hits you with a +0 club.
The goblin unwields a +0 sling.
The goblin wields a +0 dagger.
The goblin misses you.
You shoot an arrow. The arrow hits Robin.
Robin is moderately wounded.
The goblin misses you. The goblin closely misses you.
You shoot an arrow. The arrow barely misses Robin.
The arrow barely misses the hobgoblin.
The arrow closely misses the hobgoblin.
Robin hits you with a +0 mace. The goblin misses you.
The goblin hits you with a +0 dagger.
You shoot an arrow. The arrow closely misses Robin.
The arrow hits the hobgoblin.
The hobgoblin is moderately wounded.
Robin hits you with a +0 mace. The goblin hits you with a +0 club.
You die...

###........#########.
#.######## #. #.# #.
#.# ## #.# #... #.#
#... #.# ##### #...
#g##g....# #...
#g@ggg...# #...
####gg...# #... ....#
...# ###


You could see Robin, 2 hobgoblins and 5 goblins.

Vanquished Creatures
  2 dart slugs
  5 bats
  5 endoplasms
  A giant cockroach (D:1)
  7 goblins
  2 hobgoblins
  6 ball pythons
  4 frilled lizards
  4 kobolds
  5 rats
41 creatures vanquished.

Notes
Turn   | Place    | Note
-------+----------+-------------------------------------------
     0 | D:1      | qw the Deep Elf Hunter began the quest for the Orb.
     0 | D:1      | Reached XP level 1. HP: 12/12 MP: 3/3
     0 | D:1      | 0 ||| qw: Version: 0.3-a-160-g6735b56
     0 | D:1      | 0 ||| qw: Game counter: 5911
     0 | D:1      | 0 ||| qw: Melee chars always use a shield: true
     0 | D:1      | 0 ||| qw: God list: Okawaru
     0 | D:1      | 0 ||| qw: Allow faded altars: false
     0 | D:1      | 0 ||| qw: Do Orc after clearing Dungeon:15 true
     0 | D:1      | 0 ||| qw: Do second Lair branch before Depths: true
     0 | D:1      | 0 ||| qw: Lair rune preference: random
     0 | D:1      | 0 ||| qw: Goals: Normal
     0 | D:1      | 0 ||| PLANNING D:1-11
   139 | D:1      | Reached XP level 2. HP: 16/16 MP: 4/4
   143 | D:1      | Reached skill level 6 in Ranged Weapons
   158 | D:1      | Found Siydghigi's Book Boutique.
   401 | D:1      | Found Wopoeto's Book Emporium.
   688 | D:1      | Reached XP level 3. HP: 20/20 MP: 5/5
   691 | D:1      | 691 ||| READING scroll labelled OFROUBBO KOMUD.
   692 | D:1      | 692 ||| READING scroll labelled LURUTS OSCHEPHI.
   695 | D:1      | 695 ||| READING scroll labelled JEUBES WEBOID.
   696 | D:1      | 696 ||| DROPPING scroll of butterflies.
   752 | D:2      | Found a white marble altar of Elyvilon.
   866 | D:2      | Reached skill level 7 in Ranged Weapons
   933 | D:2      | Noticed Robin
   941 | D:2      | HP: 5/20 [Robin/+0 mace (5)]
   942 | D:2      | HP: 1/20 [Robin/+0 mace (2)]
   942 | D:2      | Slain by a goblin

Levels and vault maps discovered:
D:1:      onia_arrival_mini_spirals, layout_basic, serial_shops,
          nicolae_shop_tiny_real_fake_doors, nicolae_shop_tiny_statue_garden
D:2:      layout_basic, basic_altar, minmay_heptomino_w4, uniq_robin

Skill      XL: |  1  2  3 |
---------------+----------+-----
Ranged Weapons | 6 7 |  7.0
Fighting       | |  1.5
Dodging        | |  2.4
Stealth        | |  1.2

Action                     || total
---------------------------++-------
   Fire: Shortbow          ||    88
    Use: Scroll            ||     3
 Armour: Leather armour    ||    18
  Dodge: Dodged            ||    22

Table legend:
 A = Non-vault XP
 B = Vault XP
 C = Vault XP percentage of total XP
 D = Non-vault monster count
 E = Vault monster count
 F = Vault count percentage of total count
                 A         B        C        D         E       F
            +---------+---------+-------+---------+---------+-------
      Total |      62 |       8 |  11.4 |      37 |       4 |   9.8
            +---------+---------+-------+---------+---------+-------
        D:1 |      41 |       0 |   0.0 |      24 |       0 |   0.0
        D:2 |      21 |       8 |  27.6 |      13 |       4 |  23.5
            +---------+---------+-------+---------+---------+-------
